 Dungeon Crawl Stone Soup version 0.27-a0-1188-g73eefd5def (webtiles) character file.

Game seed: 13200010399498397691

88 leviel the Slasher (level 4, -2/39 HPs)
             Began as a Hill Orc Monk on May 21, 2021.
             Slain by Sigmund
             ... wielding a +0 scythe
              (11 damage)
             ... on level 2 of the Dungeon.
             The game lasted 00:02:16 (1750 turns).

leviel the Slasher (Hill Orc Monk)                  Turns: 1750, Time: 00:02:17

Health: -2/39      AC:  6    Str: 14    XL:     4   Next: 53%
Magic:  4/4        EV: 11    Int: 10    God:
Gold:   59         SH:  0    Dex: 13    Spells: 3/3 levels left

rFire    . . .     SeeInvis .   a - +0 falchion
rCold    . . .     Faith    .   (no shield)
rNeg     . . .     Spirit   .   e - +0 ring mail
rPois    .         Reflect  .   d - +0 helmet
rElec    .         Harm     .   (no cloak)
rCorr    .         Rampage  .   (no gloves)
Will     .....                  (no boots)
Stlth    ..........             (no amulet)
HPRegen  0.13/turn              (no ring)
MPRegen  0.09/turn              (no ring)

@: confused, attractive
A: no striking features
a: no special abilities


You were on level 2 of the Dungeon.
You visited 1 branch of the dungeon, and saw 2 of its levels.

You collected 59 gold pieces.

Inventory:

Hand Weapons
 a - a +0 falchion (weapon)
Armour
 b - a +0 robe
 d - a +0 helmet (worn)
 e - a +0 ring mail (worn)
Scrolls
 c - 2 scrolls of identify {unknown}
 g - 2 scrolls of teleportation {unknown}
 h - a scroll of amnesia {unknown}
 i - a scroll of vulnerability {unknown}


   Skills:
 - Level 3.6 Fighting
 * Level 5.0 Long Blades
 + Level 1.9 Armour
 - Level 2.4 Dodging
 - Level 1.7 Stealth


You had 3 spell levels left.
You didn't know any spells.
Your spell library was empty.

Dungeon Overview and Level Annotations

Branches:
Dungeon (2/15)

Altars:

Annotations:
D:2 1 runed translucent door, Crazy Yiuf, Sigmund


Message History

Sigmund the Dreaded comes into view.
He is wielding a +0 scythe.
Sigmund is nearby!
Sigmund is nearby!
You enter the shallow water.
Moving in this stuff is going to be slow.
Sigmund casts a spell at you. You resist with some effort.
Sigmund screams, "You will never...
NEVER!!!"
Sigmund closely misses you.
Sigmund hits you from afar with a +0 scythe.
Sigmund points at himself and mumbles some strange words.
Sigmund flickers and vanishes!
Deactivating autopickup; reactivate with Ctrl-A.
Something barely misses you. Something hits you.
Something hits you but does no damage.
You closely miss something.
You hear some strange, mumbled words.
A puff of flame appears from out of thin air!
The puff of flame hits you. Something hits you!
You hit something. Something hits you.
It was a potion of attraction.
You feel attractive to monsters. Something hits you but does no damage.
You hit something.
You hear some strange, mumbled words.
Something tries to affect you, but you resist.
You barely miss something.
You hear some strange, mumbled words.
A puff of flame appears from out of thin air!
The puff of flame misses you.
You hit something but do no damage.
You hear some strange, mumbled words.
You are confused.
You bump into the tree.
You hear a splashing noise.
Something hits you.
* * * LOW HITPOINT WARNING * * *
Something hits you!
You die...

♣♣#..)# .# ### ..# .
######..#.# .....≈...≈
#########≈##≈≈#..≈
###+#####........≈#≈≈.≈≈..
.................♣≈≈.≈.≈.♣
..)...###).......{≈.≈...♣≈
..(....#.#......@.≈≈≈♣#.≈≈
..†.....###.......≈≈≈≈..≈.
.................≈≈♣#♣.♣#
..........#######.≈≈# ≈≈#
..........# ##..# ♣#
..........# #..#
.##+####### .## .# .. .#


There were no monsters in sight!

Vanquished Creatures
  An orc wizard (D:2)
  5 dart slugs
  2 orcs (D:2)
  4 ball pythons
  4 endoplasms
  2 giant cockroaches (D:1)
  A goblin (D:1)
  7 hobgoblins
  6 kobolds
  2 quokkas (D:1)
  6 bats
  3 frilled lizards
  3 rats
46 creatures vanquished.

Notes
Turn   | Place    | Note
-------+----------+-------------------------------------------
     0 | D:1      | leviel the Hill Orc Monk began the quest for the Orb.
     0 | D:1      | Reached XP level 1. HP: 19/19 MP: 1/1
   108 | D:1      | Reached XP level 2. HP: 24/26 MP: 2/2
   218 | D:1      | Reached skill level 4 in Long Blades
   285 | D:1      | Found a faded altar of an unknown god.
   445 | D:1      | Reached XP level 3. HP: 31/31 MP: 3/3
   476 | D:1      | Reached skill level 1 in Armour
  1028 | D:2      | Found a runed translucent door.
  1029 | D:2      | Noticed Crazy Yiuf
  1100 | D:2      | Reached skill level 5 in Long Blades
  1100 | D:2      | Reached XP level 4. HP: 6/39 MP: 4/4
  1727 | D:2      | Noticed Sigmund
  1750 | D:2      | Slain by Sigmund

Illustrated notes

Levels and vault maps discovered:
D:1:      lemuel_arrival_funnel, layout_rooms, ebering_ecumenical_altar_webs
D:2:      layout_basic, serial_rivers, chequers_serial_rivers_micro_a,
          chequers_serial_rivers_micro_c, chequers_serial_rivers_marsh,
          chequers_serial_rivers_large_a, minmay_tetromino_t2, uniq_sigmund,
          uniq_crazy_yiuf_cottage

Skill      XL: |  1  2  3 |
---------------+----------+-----
Long Blades    | 4 5 |  5.0
Armour         | 1 |  1.9
Fighting       | |  3.6
Dodging        | |  2.4
Stealth        | |  1.7

Action                   |  1- 3 |  4- 6 || total
-------------------------+-------+-------++-------
Melee: Falchion          |   127 |    33 ||   160
  Use: Scroll            |     1 |       ||     1
       Potion            |       |     1 ||     1
 Stab: Sleeping          |     1 |       ||     1
Armor: Ring mail         |    63 |    37 ||   100
Dodge: Dodged            |    63 |    36 ||    99
       Rpst.: Falchion   |    19 |    11 ||    30

Table legend: (Time is in decaauts)
 A = Elapsed time spent in this place.
 B = Non-inter-level travel time spent in this place.
 C = Inter-level travel time spent in this place.
 D = Time resting spent in this place.
 E = Time spent auto-exploring this place.
 F = Levels seen in this place.
 G = Mean time per level.
                   A        B        C        D        E       F      G
               +--------+--------+--------+--------+--------+-----+--------+
         Total |   1765 |   1749 |     16 |    444 |    983 |   2 |  882.5 |
       Dungeon |   1765 |   1749 |     16 |    444 |    983 |   2 |  882.5 |
               +--------+--------+--------+--------+--------+-----+--------+

Top non-repeatable levels by time:
     D:2: 890 daAuts
     D:1: 874 daAuts
